 Dungeon Crawl Stone Soup version 0.28.0-53-g5a82cb258f (webtiles) character file.

Game seed: 3004599070861498722

62 Metae the Skirmisher (level 4, -4/41 HPs)
             Began as a Hill Orc Fighter on July 6, 2022.
             Slain by a kobold
             ... wielding a +0 long sword
              (7 damage)
             ... on level 2 of the Dungeon.
             The game lasted 00:03:39 (1568 turns).

Metae the Skirmisher (Hill Orc Fighter)             Turns: 1568, Time: 00:03:40

Health: -4/41      AC:  6    Str: 20    XL:     4   Next: 8%
Magic:  4/4        EV:  9    Int:  8    God:
Gold:   28         SH:  4    Dex: 10    Spells: 3/3 levels left

rFire   . . .      SeeInvis .   a - +0 war axe
rCold   . . .      Faith    .   c - +0 buckler
rNeg    . . .      Spirit   .   b - +0 scale mail
rPois   .          Reflect  .   (no helmet)
rElec   .          Harm     .   (no cloak)
rCorr   .          Rampage  .   (no gloves)
Will    .....                   (no boots)
Stlth   ..........              (no amulet)
HPRegen 0.13/turn               (no ring)
MPRegen 0.09/turn               (no ring)

@: no status effects
A: no striking features
a: no special abilities


You were on level 2 of the Dungeon.
You visited 1 branch of the dungeon, and saw 2 of its levels.

You collected 28 gold pieces.

Inventory:

Hand Weapons
 a - a +0 war axe (weapon)
Armour
 b - a +0 scale mail (worn)
 c - a +0 buckler (worn)
 e - a +0 plate armour
Scrolls
 h - 2 scrolls of teleportation {unknown}
 i - a scroll of fear {unknown}
 j - a scroll of amnesia {unknown}
Potions
 d - a potion of might
 f - 2 potions of attraction {unknown}
 g - a potion of brilliance {unknown}


   Skills:
 + Level 4.8 Fighting
 + Level 4.4 Axes
 - Level 3.2 Armour
 - Level 3.2 Shields


You had 3 spell levels left.
You didn't know any spells.
Your spell library was empty.

Dungeon Overview and Level Annotations

Branches:
Dungeon (2/15)

Altars:


Message History

The kobold hits you with a +0 long sword.
You feel sick. The worm bites you but does no damage. The kobold misses you.
Things that are here:
a +0 dagger; a goblin corpse You barely miss the worm.
The kobold blocks your attack.
You feel sick.
You are no longer poisoned.
The kobold hits you with a +0 long sword.
The worm bites you.
You hit the worm.
The worm is lightly wounded.
The kobold blocks your attack. The kobold closely misses you.
The worm bites you. The kobold barely misses you.
You completely miss the worm. You hit the kobold. The kobold barely misses you.
You slash the worm!
The worm is almost dead.
The kobold blocks your attack. The worm bites you but does no damage.
The kobold hits you but does no damage.
You slash the worm!
You kill the worm!
The kobold blocks your attack.
The kobold hits you with a +0 long sword.
The kobold barely misses you. The kobold barely misses you.
You see here a worm corpse.
You block the kobold's attack. The kobold blocks your attack.
The kobold is moderately wounded.
The kobold hits you with a +0 long sword.
* * * LOW HITPOINT WARNING * * *
The kobold blocks your attack.
The kobold is moderately wounded.
The kobold hits you with a +0 long sword!
* * * LOW HITPOINT WARNING * * *
The kobold blocks your attack.
The kobold is moderately wounded.
The kobold hits you with a +0 long sword.
* * * LOW HITPOINT WARNING * * *
You block the kobold's attack.
The kobold hits you with a +0 long sword!
You die...

#..##.####..#
##.......##.##
#..###.#....# #####.##
#.#....# #.....#
#..#..... #.#####
##..>.... . ###.#
#....#....
#..###.K)#######(##..<...
........@........##......
............###..........
.............##.##...####
................ ....#
..............## #..#
.............## #...###
.....<.......# #...#
..............# #...
...........#... #..#


You could see a kobold.

Vanquished Creatures
  2 adders (D:2)
  A worm (D:2)
  2 dart slugs (D:1)
  4 ball pythons
  6 bats
  2 endoplasms (D:1)
  2 giant cockroaches (D:1)
  3 goblins
  3 hobgoblins
  7 kobolds
  2 rats (D:1)
34 creatures vanquished.

Vanquished Creatures (others)
  5 fungi (D:1)
  2 plants (D:1)
7 creatures vanquished.

Grand Total: 41 creatures vanquished

Notes
Turn   | Place    | Note
-------+----------+-------------------------------------------
     0 | D:1      | Metae the Hill Orc Fighter began the quest for the Orb.
     0 | D:1      | Reached XP level 1. HP: 19/19 MP: 1/1
   418 | D:1      | Reached XP level 2. HP: 27/27 MP: 2/2
   682 | D:1      | You fall into a shaft and drop 1 floor!
   716 | D:2      | Reached XP level 3. HP: 28/34 MP: 3/3
  1120 | D:1      | Found a faded altar of an unknown god.
  1555 | D:2      | Reached XP level 4. HP: 33/41 MP: 4/4
  1568 | D:2      | Slain by a kobold

Illustrated notes

Levels and vault maps discovered:
D:1:      minmay_arrival_hallway, layout_loops_ring,
          shapermc_ecumenical_altar_hornbeckon
D:2:      layout_rooms

Skill      XL: |  1  2  3 |
---------------+----------+-----
Axes           | 3 4 |  4.4
Fighting       | 4 |  4.8
Armour         | |  3.2
Shields        | |  3.2

Action                   |  1- 3 |  4- 6 || total
-------------------------+-------+-------++-------
Melee: War axe           |    83 |    10 ||    93
Armor: Scale mail        |    59 |     4 ||    63
Dodge: Dodged            |    55 |     7 ||    62
Block: Buckler           |    27 |     4 ||    31
